 Dungeon Crawl Stone Soup version 0.31-a0-704-g1016066182 (webtiles) character file.

Game seed: 8897967068911401869

32 Gargoyl the Trooper (level 3, -3/24 HPs)
             Began as a Gargoyle Berserker on Sept 9, 2023.
             Was a Believer of Trog.
             Slain by an orc
             ... wielding a +0 flail
              (7 damage)
             ... on level 2 of the Dungeon.
             The game lasted 00:01:11 (804 turns).

Gargoyl the Trooper (Gargoyle Berserker)             Turns: 804, Time: 00:01:11

Health: -3/24      AC:  5    Str: 20    XL:     3   Next: 27%
Magic:  3/3        EV: 12    Int:  7    God:    Trog [**....]
Gold:   98         SH:  0    Dex: 11    Spells: 2/2 levels left

rFire   . . .        a - +0 hand axe
rCold   . . .        (no shield)
rNeg    + . .        b - +0 animal skin
rPois   ∞            (no helmet)
rElec   +            (no cloak)
rCorr   .            (no gloves)
SInv    .            (no boots)
Will    .....        (no amulet)
Stlth   +            (no ring)
HPRegen 0.24/turn    (no ring)
MPRegen 0.08/turn

%: no passive effects
@: confused
A: sickness immunity, AC +3, negative energy resistance 1, electricity
resistance, torment resistance 1, petrification resistance
a: Renounce Religion, Berserk, Trog's Hand


You were on level 2 of the Dungeon.
You worshipped Trog.
Trog was pleased with you.
You visited 1 branch of the dungeon, and saw 2 of its levels.

You collected 98 gold pieces.

Inventory:

Hand Weapons
 a - a +0 hand axe (weapon)
Missiles
 c - 5 poisoned darts (quivered)
Armour
 b - a +0 animal skin (worn)
Scrolls
 g - 2 scrolls of teleportation
 h - a scroll of fog {unknown}
Potions
 d - a potion of curing {unknown}
 e - a potion of resistance {unknown}
 f - 2 potions of might {unknown}
 i - a potion of heal wounds {unknown}


   Skills:
 + Level 3.9 Fighting
 + Level 3.2 Axes
 + Level 2.2 Armour
 + Level 1.8 Dodging


You had 2 spell levels left.
You didn't know any spells.
Your spell library was empty.

Dungeon Overview and Level Annotations

Branches:
Dungeon (2/15)

Altars:


Innate Abilities, Weirdness & Mutations

You are immune to sickness and miasma.
Your stone body is resilient. (AC +3)
You are immune to poison.
You resist negative energy. (rN+)
You are resistant to electric shocks. (rElec)
You are resistant to unholy torment.
You are immune to petrification.


Message History

The orc shouts!
The orc wizard points at you and mumbles some strange words.
The puff of flame hits you.
A worm comes into view.
The orc moves out of view.
You barely miss the orc wizard. You barely miss the orc.
The orc closely misses you. The orc wizard misses you.
Unknown command.
You hit the orc wizard.
The orc wizard is lightly wounded.
You barely miss the orc. The orc hits you with a +0 flail!
The orc wizard points at you and mumbles some strange words.
You are confused.
Unknown command.
You are too confused!
You bump into the rock wall.
The orc closely misses you.
The orc wizard hits you but does no damage.
A giant cockroach comes into view.
Unknown command.
You're too confused to move!
A ball python comes into view.
The orc hits you from afar with a +0 trident.
* * * LOW HITPOINT WARNING * * *
The orc hits you with a +0 flail.
* * * LOW HITPOINT WARNING * * *
The orc wizard hits you with a +0 dagger.
* * * LOW HITPOINT WARNING * * *
The ball python hisses angrily.
You hit the orc wizard.
The orc wizard is moderately wounded.
You hit the orc. The orc closely misses you. The orc wizard misses you.
The orc barely misses you. x2; The orc wizard barely misses you.
The orc completely misses you.
Unknown command.
You closely miss the orc wizard.
The orc wizard is moderately wounded.
You closely miss the orc.
A bat comes into view.
The orc hits you with a +0 flail!
You die...

.#∩#⌠#..#
#_#...#.#
#..8.#.# .
⌠.8..#.### ...
..#....# # ...#
#.S.#.###.#
#.##.o##o.#.....#
....woo@.....####
..##.o##..##.#
.##. #..##.# b.
#..##.#
.##<###..##.#
#.........##.#
#.......#.#
#.###.#.#.#######
#.#........<.


You could see a worm, an orc wizard, 4 orcs, a bat (wandering) and a ball
python.

Vanquished Creatures
  A worm (D:2)
  An endoplasm (D:1)
  4 giant cockroaches
  2 goblins
  5 hobgoblins
  A quokka (D:1)
  3 ball pythons
  2 frilled lizards
  5 kobolds (D:1)
  4 rats
28 creatures vanquished.

Notes
Turn   | Place    | Note
-------+----------+-------------------------------------------
     0 | D:1      | Gargoyl the Gargoyle Berserker began the quest for the Orb.
     0 | D:1      | Reached XP level 1. HP: 14/14 MP: 1/1
    99 | D:1      | Reached XP level 2. HP: 17/19 MP: 2/2
   403 | D:1      | Reached ** piety under Trog
   676 | D:2      | Reached XP level 3. HP: 24/24 MP: 3/3
   795 | D:2      | Found a faded altar of an unknown god.
   804 | D:2      | Slain by an orc

Illustrated notes

Levels and vault maps discovered:
D:1:      orjb1_lava_funnel, layout_basic
D:2:      layout_loops_ring, shapermc_ecumenical_altar_venn,
          hangedman_abyss_or_decor_stabs, minmay_misc_feat_room

Skill      XL: |  1  2 |
---------------+-------+-----
Axes           | 3 |  3.2
Fighting       | |  3.9
Armour         | |  2.2
Dodging        | |  1.8

Action                     || total
---------------------------++-------
  Melee: Hand axe          ||    76
    Use: Scroll            ||     1
 Armour: Animal skin       ||    61
  Dodge: Dodged            ||    54

Table legend: (Time is in decaauts)
 A = Elapsed time spent in this place.
 B = Non-inter-level travel time spent in this place.
 C = Inter-level travel time spent in this place.
 D = Time resting spent in this place.
 E = Time spent auto-exploring this place.
 F = Levels seen in this place.
 G = Mean time per level.
                   A        B        C        D        E       F      G
               +--------+--------+--------+--------+--------+-----+--------+
         Total |    815 |    779 |     36 |      0 |    510 |   2 |  407.5 |
       Dungeon |    815 |    779 |     36 |      0 |    510 |   2 |  407.5 |
               +--------+--------+--------+--------+--------+-----+--------+

Top non-repeatable levels by time:
     D:1: 657 daAuts
     D:2: 158 daAuts
